 Dungeon Crawl Stone Soup version 0.26-a0-537-g96b2eae49b (webtiles) character file.

Game seed: 14046504300021125447

7921 ANON1729 the Covert (level 11, -2/67 HPs)
             Began as a Kobold Brigand on Aug 14, 2020.
             Was a Believer of Wu Jian.
             Slain by a red ugly thing (20 damage)
             ... on level 11 of the Dungeon.
             The game lasted 00:35:25 (13851 turns).

ANON1729 the Covert (Kobold Brigand)               Turns: 13851, Time: 00:35:26

Health: -2/67      AC:  7    Str: 14    XL:     11   Next: 46%
Magic:  11/11      EV: 21    Int: 14    God:    Wu Jian [**....]
Gold:   454        SH:  0    Dex: 19    Spells: 10/10 levels left

rFire    . . .     SeeInvis .   a - +2 dagger
rCold    . . .     Faith    .   (shield restricted)
rNeg     + . .     Spirit   .   F - +2 robe {Archmagi}
rPois    .         Reflect  .   I - +0 helmet
rElec    .         Harm     .   c - +0 cloak
rCorr    .                      z - +0 pair of gloves (curse)
MR       .....                  (no boots)
Stlth    +++++++...             J - amulet of the acrobat
HPRegen  0.21/turn              o - +6 ring of strength
MPRegen  0.12/turn              b - ring of positive energy

@: about to teleport, lightly drained
A: small, nightstalker 3
a: Wall Jump, Renounce Religion


You were on level 11 of the Dungeon.
You worshipped Wu Jian.
Wu Jian was pleased with you.
You visited 2 branches of the dungeon, and saw 12 of its levels.
You also visited: Ice Cave.

You collected 610 gold pieces.
You spent 156 gold pieces at shops.

Inventory:

Hand Weapons
 a - a +2 dagger (weapon)
 j - a cursed +6 scimitar
Missiles
 d - 54 poisoned darts (quivered)
 s - 11 boomerangs
Armour
 c - a +0 cloak (worn)
 q - a +1 chain mail of fire resistance
 z - a cursed +0 pair of gloves (worn)
 A - a +0 buckler
 F - a +2 robe of the Archmagi (worn)
 I - a +0 helmet (worn)
Jewellery
 b - a ring of positive energy (right hand)
 o - a +6 ring of strength (left hand)
 J - an amulet of the acrobat (around neck)
Wands
 v - a wand of random effects (38)
 C - a wand of flame (15)
 H - a wand of iceblast (7)
Scrolls
 f - 3 scrolls of enchant armour
 g - 10 scrolls of remove curse
 k - 3 scrolls of fog
 l - 5 scrolls of magic mapping
 r - 5 scrolls of teleportation
 u - 3 scrolls of immolation
 x - a scroll of vulnerability
 y - a scroll of fear
 G - 2 scrolls of holy word
Potions
 h - a potion of stabbing
 i - 2 potions of magic
 m - a potion of flight
 n - 2 potions of curing
 w - 2 potions of berserk rage
 B - a potion of mutation
 D - a potion of might
 E - a potion of haste
 K - a potion of cancellation


   Skills:
 + Level 7.5(7.3) Fighting
 * Level 12.1(11.9) Short Blades
 - Level 2.1(2.0) Throwing
 + Level 7.9(7.7) Dodging
 * Level 13.6(13.4) Stealth
 + Level 3.1(2.9) Shields
 + Level 4.6(4.4) Evocations


You had 10 spell levels left.
You didn't know any spells.
Your spell library was empty.

Dungeon Overview and Level Annotations

Branches:
Dungeon (11/15)            Temple (1/1) D:6           IceCv (visited)
   Lair: D:8-11         Orc: D:9-12

Altars:
Ashenzari
Cheibriados
Dithmenos
Elyvilon
Fedhas
Gozag
Hepliaklqana
Kikubaaqudgha
Makhleb
Nemelex Xobeh
Okawaru
Qazlal
Ru
Sif Muna
Trog
Uskayaw
Vehumet
Wu Jian
Xom
Yredelemnul
Zin
The Shining One

Shops:
D:4 *   D:7 ?   D:10 =

Annotations:
D:8 2 transporters, rasy's ghost, novice MiFi
D:9 2 transporters, exclusion: downstairs, P0WERM0DE's ghost, novice OpDe


Innate Abilities, Weirdness & Mutations

You are small and have problems with some larger weapons.
You are completely attuned to the shadows.


Message History

* * * LOW HITPOINT WARNING * * *
The polar bear misses you. The polar bear completely misses you.
You feel much better. The polar bear completely misses you.
The polar bear barely misses you. The polar bear closely misses you.
Evoke which item? (* to show all) (? for menu, Esc to quit)
Aiming: Iceblast
Press: ? - help, Shift-Dir - straight line
Okay, then.
Evoke which item? (* to show all) (? for menu, Esc to quit)
Press: ? - help, Shift-Dir - straight line, f - red ugly thing
Aim: a red ugly thing The red ugly thing resists with some effort.
The polar bear misses you. The polar bear claws you.
The polar bear claws you but does no damage.
Evoke which item? (* to show all) (? for menu, Esc to quit)
Okay, then.
You feel better. The red ugly thing punches you!
* * * LOW HITPOINT WARNING * * *
You are engulfed in flames!!
You die...

.............≈....
.u............#≈.....
>..........#..≈#≈....
..........≈#.[.≈#...
..<.>.....≈#.....≈###
####+###..≈#......<.#
#..≈#####..#.###
###≈≈≈≈≈..##...#
#..h@u.#####.#
######.##########'###
.......##...........#
.....####...........#
.....# #...........#
.....####...........#
.....##.'...........#
........#...........
.....####..........


You could see a red ugly thing and a polar bear.

Vanquished Creatures
  Erica (D:8)
  2 two-headed ogres (D:8)
  2 rime drakes (D:11)
  Grinder (D:5)
  3 hippogriffs
  Sigmund (D:2)
  6 yaks
  A wyvern (D:10)
  A steam dragon (D:8)
  3 ice beasts
  5 ogres
  2 sky beasts
  A black bear (D:7)
  A wolf (D:11)
  4 centaurs
  3 bullfrogs
  4 scorpions
  6 wights
  A howler monkey (D:10)
  A bullfrog skeleton (D:10)
  7 hounds
  2 centaur skeletons
  6 orc wizards
  Crazy Yiuf (D:4)
  3 orc priests
  5 jellies
  A bullfrog zombie (D:5)
  An iguana (D:4)
  Natasha (thrice) (D:2)
  3 worker ants
  A killer bee zombie (D:9)
  2 hound zombies
  A hound skeleton (D:6)
  A worker ant zombie (D:9)
  10 gnolls
  17 adders
  3 white imps
  4 ufetubi
  An adder skeleton (D:9)
  2 worms
  A dart slug (D:3)
  A leopard gecko (D:5)
  22 orcs
  3 ball pythons
  6 giant cockroaches
  10 goblins
  5 hobgoblins
  9 jackals
  8 kobolds
  3 quokkas
  4 bats
  4 frilled lizards
  A giant cockroach zombie (D:5)
  A leopard gecko skeleton (D:6)
  A quokka zombie (D:9)
  6 rats
208 creatures vanquished.

Vanquished Creatures (others)
  A hound (D:8)
1 creature vanquished.

Grand Total: 209 creatures vanquished

Notes
Turn   | Place    | Note
-------+----------+-------------------------------------------
     0 | D:1      | ANON1729 the Kobold Brigand began the quest for the Orb.
     0 | D:1      | Reached XP level 1. HP: 12/12 MP: 1/1
    63 | D:1      | Reached XP level 2. HP: 14/18 MP: 2/2
   376 | D:1      | Reached XP level 3. HP: 22/22 MP: 3/3
   695 | D:2      | Noticed Natasha
   709 | D:2      | Killed Natasha
   709 | D:2      | Reached skill level 6 in Stealth
   709 | D:2      | Reached XP level 4. HP: 24/27 MP: 4/4
  1047 | D:2      | Noticed Natasha
  1060 | D:2      | Killed Natasha
  1201 | D:2      | Noticed Natasha
  1233 | D:2      | Killed Natasha
  1233 | D:2      | Reached XP level 5. HP: 14/32 MP: 5/5
  1440 | D:2      | Noticed Sigmund
  1441 | D:2      | Killed Sigmund
  1441 | D:2      | Reached skill level 5 in Short Blades
  1441 | D:2      | Reached skill level 7 in Stealth
  1441 | D:2      | Reached XP level 6. HP: 37/37 MP: 6/6
  1740 | D:2      | Found a sparkling altar of Nemelex Xobeh.
  1933 | D:3      | Noticed an ogre
  1946 | D:3      | Killed an ogre
  1946 | D:3      | Reached XP level 7. HP: 42/42 MP: 7/7
  2062 | D:3      | Found a faded altar of an unknown god.
  2778 | D:4      | Reached skill level 8 in Stealth
  3520 | D:4      | Found a blossoming altar of Fedhas.
  3532 | D:4      | Found Zin's Purification Station.
  3535 | D:4      | Found a glowing silver altar of Zin.
  3559 | D:4      | Found a glowing golden altar of the Shining One.
  3564 | D:4      | Found a shattered altar of Ashenzari.
  3612 | D:4      | Found a hazy altar of Hepliaklqana.
  3613 | D:4      | Found a shimmering altar of Xom.
  3614 | D:4      | Noticed a spectral ugly thing
  3623 | D:4      | Found a shimmering blue altar of Sif Muna.
  3655 | D:4      | Found a runed translucent door.
  3658 | D:4      | Noticed Crazy Yiuf
  3663 | D:4      | Killed Crazy Yiuf
  3882 | D:5      | Entered Level 5 of the Dungeon
  3883 | D:5      | Reached XP level 8. HP: 48/48 MP: 8/8
  3923 | D:5      | Found an opulent altar of Gozag.
  3923 | D:5      | Found a basalt altar of Yredelemnul.
  3971 | D:5      | Noticed Grinder
  3989 | D:5      | Killed Grinder
  3989 | D:5      | Reached skill level 9 in Stealth
  4429 | D:5      | Found a radiant altar of Vehumet.
  4948 | D:5      | Reached skill level 5 in Fighting
  4952 | D:5      | Reached skill level 10 in Stealth
  5313 | D:6      | Found a staircase to the Ecumenical Temple.
  5320 | Temple   | Entered the Ecumenical Temple
  5522 | Temple   | Became a worshipper of the Wu Jian Council
  5566 | D:6      | Reached XP level 9. HP: 54/54 MP: 9/9
  5568 | D:6      | Reached skill level 5 in Dodging
  6154 | D:6      | Found a glowing silver altar of Zin.
  6936 | D:7      | Found Custris's Magic Scroll Shoppe.
  6941 | D:7      | Bought a scroll of fog for 24 gold pieces
  6941 | D:7      | Bought a scroll of noise for 12 gold pieces
  6941 | D:7      | Bought a scroll of magic mapping for 42 gold pieces
  6942 | D:7      | Bought a scroll of remove curse for 36 gold pieces
  6942 | D:7      | Bought a scroll of immolation for 42 gold pieces
  7155 | D:7      | Reached * piety under Wu Jian
  7155 | D:7      | Reached skill level 11 in Stealth
  8585 | D:8      | Noticed a two-headed ogre
  8610 | D:8      | Found an opulent altar of Gozag.
  8639 | D:8      | Killed a two-headed ogre
  8639 | D:8      | Reached skill level 10 in Short Blades
  8639 | D:8      | Reached skill level 1 in Shields
  8639 | D:8      | Reached skill level 1 in Evocations
  8639 | D:8      | Reached XP level 10. HP: 39/60 MP: 10/10
  9030 | D:8      | Reached skill level 12 in Stealth
  9325 | D:8      | Noticed a two-headed ogre
  9352 | D:8      | Killed a two-headed ogre
  9601 | D:8      | Noticed a moth of wrath
  9682 | D:8      | Found a transporter.
  9683 | D:8      | Found a transporter.
  9684 | D:8      | Noticed rasy's ghost (novice MiFi)
  9789 | D:8      | Noticed Erica
  9792 | D:8      | Killed Erica
 10185 | D:8      | Reached XP level 11. HP: 22/67 MP: 11/11
 10514 | D:9      | Found a transporter.
 10531 | D:9      | Found a transporter.
 10670 | D:9      | Noticed a moth of wrath
 10791 | D:9      | Reached ** piety under Wu Jian
 10822 | D:9      | Reached skill level 13 in Stealth
 12001 | D:9      | Noticed P0WERM0DE's ghost (novice OpDe)
 12036 | D:10     | Entered Level 10 of the Dungeon
 12156 | D:10     | Found Ocytwoog's Jewellery Boutique.
 12264 | D:10     | Noticed a red ugly thing
 13541 | D:11     | Reached *** piety under Wu Jian
 13543 | D:11     | Found a frozen archway.
 13771 | IceCv    | Entered an ice cave
 13848 | D:11     | HP: 2/67 [polar bear (12)]
 13851 | D:11     | Slain by a red ugly thing

Illustrated notes

Levels and vault maps discovered:
D:1:      wander_arrival_abandoned_jail, layout_loops_ring
D:2:      layout_basic, lemuel_doored_altar, hex_tiny, uniq_sigmund,
          uniq_natasha
D:3:      minmay_octagon_keep, layout_rooms,
          chequers_ecumenical_altar_simple_redux
D:4:      layout_basic, regret_index_temple_of_mockery, zin_purify,
          grunt_temple_overflow_open, kennysheep_little_box,
          minmay_misc_feat_plants, uniq_crazy_yiuf_cottage
D:5:      layout_basic, vehumet_crystals, gammafunk_temple_overflow_statue,
          uniq_grinder
D:6:      layout_basic, minmay_temple_entry_waves, basic_altar
D:7:      layout_basic, serial_shops, shop
D:8:      layout_rooms, gammafunk_ghost_wrathful_warriors, grunt_gozag_statues,
          uniq_erica
D:9:      layout_roguey, gammafunk_ghost_berserking_beasts
D:10:     layout_long_grid, serial_shops, nicolae_shop_stone
D:11:     layout_roguey, erik_lair_orcish_takeover, portal_ice_cave_rime
Temple:   minmay_temple_curvy_loop

Skill      XL: |  1  2  3  4  5  6  7  8  9 10 11 |
---------------+----------------------------------+-----
Short Blades   | 3 4 5 6 8 10 11 12 | 12.1
Dodging        | 2 3 4 6 7 |  7.9
Stealth        | 6 7 8 10 11 12 13 | 13.6
Fighting       | 3 4 5 6 7 |  7.5
Shields        | 1 2 3 |  3.1
Evocations     | 1 3 4 |  4.6
Throwing       | |  2.1

Action                   |  1- 3 |  4- 6 |  7- 9 | 10-12 || total
-------------------------+-------+-------+-------+-------++-------
Melee: Dagger            |    41 |    91 |   500 |   495 ||  1127
Throw: Dart              |       |     3 |    14 |    79 ||    96
Invok: Lunge             |       |       |    16 |    29 ||    45
       Whirlwind         |       |       |     9 |    37 ||    46
 Abil: Wall Jump         |       |       |       |     1 ||     1
Evoke: Wand              |       |       |    17 |    14 ||    31
  Use: Potion            |     3 |       |     1 |     4 ||     8
       Scroll            |       |       |       |    15 ||    15
 Stab: Sleeping          |    15 |     8 |    40 |    21 ||    84
       Distracted        |       |       |     1 |       ||     1
       Paralysed         |       |       |     4 |       ||     4
Armor: Robe              |     2 |     7 |    32 |    46 ||    87
       Skin              |     4 |     1 |    50 |       ||    55
Dodge: Dodged            |    15 |    40 |   243 |   351 ||   649

Table legend: (Time is in decaauts)
 A = Elapsed time spent in this place.
 B = Non-inter-level travel time spent in this place.
 C = Inter-level travel time spent in this place.
 D = Time resting spent in this place.
 E = Time spent auto-exploring this place.
 F = Levels seen in this place.
 G = Mean time per level.
                   A        B        C        D        E       F      G
               +--------+--------+--------+--------+--------+-----+--------+
         Total |  13496 |  12590 |    906 |   4463 |   5786 |  13 | 1038.2 |
       Dungeon |  13130 |  12259 |    871 |   4374 |   5587 |  11 | 1193.6 |
        Temple |    333 |    298 |     35 |     85 |    199 |   1 |  333.0 |
      Ice Cave |     33 |     33 |      0 |      4 |      0 |   1 |   33.0 |
               +--------+--------+--------+--------+--------+-----+--------+

Top non-repeatable levels by time:
     D:9: 2328 daAuts
     D:7: 1938 daAuts
     D:8: 1679 daAuts
     D:5: 1593 daAuts
     D:2: 1210 daAuts
     D:4: 1112 daAuts
     D:3: 820 daAuts
    D:10: 753 daAuts
     D:6: 740 daAuts
     D:1: 681 daAuts
  Temple: 333 daAuts
    D:11: 271 daAuts
   IceCv: 33 daAuts
